 Dungeon Crawl Stone Soup version 0.22-b1-26-g9dbaab1 (webtiles) character file.

901 MTVSty1e the Basher (level 8, -6/46 HPs)
             Began as a Gargoyle Fighter on Aug 8, 2018.
             Mangled by an orc warrior
             ... wielding a +0 halberd
              (9 damage)
             ... on level 5 of the Dungeon.
             The game lasted 00:04:20 (4164 turns).

MTVSty1e the Basher (Gargoyle Fighter)              Turns: 4164, Time: 00:04:20

Health: -6/46      AC: 12    Str: 23    XL:     8   Next: 7%
Magic:  8/8        EV:  7    Int:  8    God:
Gold:   349        SH:  9    Dex: 12    Spells: 7/7 levels left

rFire    . . .     SeeInvis .   a - +0 flail
rCold    . . .     Gourm    .   c - +0 shield
rNeg     + . .     Faith    .   b - +0 scale mail
rPois    ∞         Spirit   .   (no helmet)
rElec    +         Reflect  .   (no cloak)
rCorr    .         Harm     .   (no gloves)
MR       .....                  (no boots)
Stlth    ..........             (no amulet)
HPRegen  0.15/turn              (no ring)
MPRegen  0.11/turn              k - +3 ring of dexterity

@: no status effects
A: negative energy resistance 1, electricity resistance, unbreathing,
petrification resistance, rot immunity, AC +5
a: no special abilities


You were on level 5 of the Dungeon.
You were not hungry.

You visited 1 branch of the dungeon, and saw 5 of its levels.

You collected 349 gold pieces.

Inventory:

Hand Weapons
 a - a +0 flail (weapon)
Armour
 b - a +0 scale mail (worn)
 c - a +0 shield (worn)
Jewellery
 e - an uncursed ring of wizardry
 k - a +3 ring of dexterity (right hand)
Wands
 x - a wand of paralysis (15)
Scrolls
 d - 2 scrolls of immolation {unknown}
 h - 3 scrolls of remove curse {unknown}
 i - 7 scrolls of identify {unknown}
 j - a scroll of enchant armour {unknown}
 l - a scroll of teleportation {unknown}
 n - 3 scrolls of enchant weapon {unknown}
 o - 2 scrolls of fear {unknown}
 r - 2 scrolls of fog {unknown}
 s - a scroll of blinking {unknown}
Potions
 g - a potion of agility {unknown}
 m - a potion of degeneration {unknown}
 p - 4 potions of curing
 q - 2 potions of mutation {unknown}
 t - a potion of lignification {unknown}
 u - 2 potions of brilliance {unknown}
 v - a potion of haste {unknown}
 w - 2 potions of magic {unknown}
Comestibles
 f - 6 rations


   Skills:
 - Level 3.2 Fighting
 + Level 9.2 Maces & Flails
 - Level 3.2 Armour
 - Level 3.2 Shields


You had 7 spell levels left.
You didn't know any spells.
Your spell library was empty.

Dungeon Overview and Level Annotations

Branches:
Dungeon (5/15)
 Temple: D:4-7

Altars:
Cheibriados
Fedhas
Gozag
Hepliaklqana
Kikubaaqudgha
Qazlal
Wu Jian
The Shining One

Shops:
D:5 %


Innate Abilities, Weirdness & Mutations

You are resistant to torment.
Your stone body is resilient. (AC +5)
You are immune to poison.
You resist negative energy. (rN+)
You are resistant to electric shocks. (rElec)
You can survive without breathing.
You are immune to petrification.
You are immune to rotting.


Message History

You are too injured to fight recklessly!
You are too injured to fight recklessly!
You are too injured to fight recklessly!
You are too injured to fight recklessly!
You are too injured to fight recklessly!
You are too injured to fight recklessly!
You are too injured to fight recklessly!
You are too injured to fight recklessly!
You are too injured to fight recklessly!
You are too injured to fight recklessly!
You are too injured to fight recklessly!
You are too injured to fight recklessly!
You are too injured to fight recklessly!
You closely miss the orc warrior.
The orc warrior hits you with a halberd.
* * * LOW HITPOINT WARNING * * *
You closely miss the orc warrior. You block the orc warrior's attack.
You closely miss the orc warrior.
The orc warrior hits you with a halberd!
You die...

.(......#.......'...'.......#
#.#######.......#...#.......#
#.# ##.....##...##.....##
#'## ##...###...###...##
...## ##### #...# #####
....## ##..!# #...# .....##
#.....##...#
......###.....(.#...#
......'.#..$...o@)..+
......###.......#...# .<...##
#.....##...# †)..## ##...#
#...### ### )..## ####
#.....#####.# #'##
#####.##.##.# ## #.#
#.##.##.# #. #.#
#.##.##.####. #.## ###
#.......##...


You could see an orc warrior.

Vanquished Creatures
  A sky beast (D:5)
  2 phantoms
  An ogre (D:4)
  2 scorpions
  A crimson imp (D:5)
  A hound (D:5)
  An orc wizard (D:5)
  An orc priest (D:4)
  Jessica (D:3)
  10 adders
  8 gnolls
  A shadow imp (D:5)
  An ooze (D:1)
  2 adder skeletons (D:5)
  An adder zombie (D:5)
  3 worms
  2 dart slugs
  2 leopard geckos
  21 orcs
  5 bats
  2 bat zombies (D:4)
  6 giant cockroaches
  6 goblins
  5 hobgoblins
  6 jackals
  8 kobolds
  3 quokkas (D:2)
  A jackal skeleton (D:5)
  A jackal zombie (D:5)
  4 rats
  3 rat zombies (D:4)
112 creatures vanquished.

Notes
Turn   | Place    | Note
-------+----------+-------------------------------------------
     0 | D:1      | MTVSty1e the Gargoyle Fighter began the quest for the Orb.
     0 | D:1      | Reached XP level 1. HP: 14/14 MP: 1/1
    98 | D:1      | Reached XP level 2. HP: 16/19 MP: 2/2
   184 | D:1      | Reached skill level 3 in Maces & Flails
   274 | D:1      | Reached XP level 3. HP: 23/23 MP: 3/3
   729 | D:2      | Reached skill level 4 in Maces & Flails
   732 | D:2      | Reached XP level 4. HP: 28/28 MP: 4/4
   866 | D:2      | Found a blossoming altar of Fedhas.
   895 | D:2      | Reached skill level 5 in Maces & Flails
   895 | D:2      | Reached XP level 5. HP: 8/32 MP: 5/5
  1305 | D:3      | You fall through a shaft!
  1485 | D:3      | Reached skill level 6 in Maces & Flails
  1485 | D:3      | Reached XP level 6. HP: 31/37 MP: 6/6
  1667 | D:3      | Found a stormy altar of Qazlal.
  1668 | D:3      | Noticed a water elemental
  1670 | D:3      | Noticed a fire elemental
  1670 | D:3      | Noticed an air elemental
  1963 | D:3      | Found a hazy altar of Hepliaklqana.
  2125 | D:3      | Noticed Jessica
  2134 | D:3      | Killed Jessica
  2194 | D:4      | Reached skill level 7 in Maces & Flails
  2548 | D:4      | Noticed a phantom
  2590 | D:4      | Killed a phantom
  2590 | D:4      | Reached XP level 7. HP: 27/41 MP: 7/7
  2936 | D:4      | Found an ancient bone altar of Kikubaaqudgha.
  3073 | D:4      | Found a snail-covered altar of Cheibriados.
  3347 | D:4      | Found a glowing golden altar of the Shining One.
  3347 | D:4      | Found an opulent altar of Gozag.
  3355 | D:4      | Found a faded altar of an unknown god.
  3357 | D:4      | Found an ornate altar of the Wu Jian Council.
  3358 | D:4      | Found a faded altar of an unknown god.
  3426 | D:5      | Entered Level 5 of the Dungeon
  3505 | D:5      | Reached skill level 8 in Maces & Flails
  3887 | D:5      | Found Ralouh's Food Shop.
  3942 | D:5      | Reached skill level 9 in Maces & Flails
  3942 | D:5      | Reached XP level 8. HP: 37/46 MP: 8/8
  4162 | D:5      | HP: 2/46 [orc warrior/halberd (6)]
  4164 | D:5      | Mangled by an orc warrior

Skill      XL: |  1  2  3  4  5  6  7 |
---------------+----------------------+-----
Maces & Flails | 3 4 5 6 7 9 |  9.2
Fighting       | |  3.2
Armour         | |  3.2
Shields        | |  3.2

Action                   |  1- 3 |  4- 6 |  7- 9 || total
-------------------------+-------+-------+-------++-------
Melee: Flail             |    82 |   208 |   165 ||   455
  Use: Potion            |       |     2 |       ||     2
  Eat: Ration            |       |     2 |     1 ||     3
       Chunk             |       |       |     1 ||     1
Armor: Scale mail        |    39 |    98 |    71 ||   208
Dodge: Dodged            |    20 |    62 |    47 ||   129
Block: Shield            |    44 |    81 |    76 ||   201
